 Dungeon Crawl Stone Soup version 0.21.1-1-g345015fe64 (webtiles) character file.

133 LevaFresel the Bolt Thrower (level 5, 0/32 HPs)
             Began as a Kobold Hunter on June 6, 2018.
             Hit by a tomahawk thrown by an orc (2 damage)
             ... on level 3 of the Dungeon.
             The game lasted 00:10:51 (2365 turns).

LevaFresel the Bolt Thrower (Kobold Hunter)         Turns: 2365, Time: 00:10:51

Health: 0/32       AC:  3    Str: 10    XL:     5   Next: 39%
Magic:  5/5        EV: 16    Int: 12    God:
Gold:   96         SH:  0    Dex: 16    Spells: 4/4 levels left

rFire    . . .     SeeInvis .   a - +1 hand crossbow
rCold    . . .     Gourm    .   (shield restricted)
rNeg     . . .     Faith    .   c - +0 leather armour
rPois    .         Spirit   .   (no helmet)
rElec    .         Reflect  .   (no cloak)
rCorr    .         Harm     .   (no gloves)
MR       .....                  (no boots)
Stlth    ++........             (no amulet)
HPRegen  0.10/turn              (no ring)
MPRegen  0.09/turn              (no ring)

@: no status effects
A: small, carnivore
a: no special abilities


You were on level 3 of the Dungeon.
You were completely stuffed.

You visited 1 branch of the dungeon, and saw 3 of its levels.

You collected 96 gold pieces.

Inventory:

Hand Weapons
 a - a +1 hand crossbow (weapon)
 b - a +2 dagger of venom
Missiles
 d - 36 bolts (quivered)
 k - a throwing net
Armour
 c - a +0 leather armour (worn)
Jewellery
 l - an uncursed amulet of regeneration {unknown}
Wands
 m - a wand of clouds (5)
Scrolls
 e - 3 scrolls of identify
 h - a scroll of fog {unknown}
 i - 2 scrolls of teleportation
 o - a scroll of amnesia {unknown}
Potions
 g - a potion of haste {unknown}
 j - a potion of magic {unknown}
 n - a potion of flight {unknown}
 p - a potion of brilliance {unknown}
Comestibles
 f - 6 rations
 q - 2 chunks of flesh


   Skills:
 + Level 3.2 Fighting
 + Level 1.0 Short Blades
 * Level 6.2 Crossbows
 + Level 0.4 Armour
 + Level 3.6 Dodging
 - Level 1.3 Stealth


You had 4 spell levels left.
You didn't know any spells.

Dungeon Overview and Level Annotations

Branches:
Dungeon (3/15)

Altars:


Innate Abilities, Weirdness & Mutations

You are small and have problems with some larger weapons.
You are carnivorous and can eat meat at any time.


Message History

Firing (i - inventory. (,) - cycle):
d - 37 bolts (quivered)
Press: ? - help, Shift-Dir - straight line, f - hobgoblin
Aim: a hobgoblin You shoot a bolt.
The bolt hits the hobgoblin.
You kill the hobgoblin!
The orc throws a tomahawk.
The tomahawk barely misses you.
The orc throws a tomahawk.
The tomahawk misses you.
The orc priest casts a cantrip, but nothing happens.
The leopard gecko closely misses you.
You see here a tomahawk.
The orc throws a tomahawk.
The tomahawk misses you.
The orc priest calls down the wrath of Beogh upon you.
Beogh smites you!
* * * LOW HITPOINT WARNING * * *
You see here a tomahawk.
The orc throws a tomahawk.
The tomahawk misses you.
There is a stone staircase leading up here.
The leopard gecko closely misses you.
The orc throws a tomahawk.
The tomahawk hits you.
You die...

#.# #K# ((....#
#<#####(##.#.#...
#..........(...##
#######.##(#.#(#
#g# .....# #o#
#(..##
####(##.....
#(.l....#.#.
#.#@........ #
#...#o#.#.
##........
#.#..#.#.
#.##..... ...
.#### .# # .#


You could see 2 orcs, a leopard gecko and a hobgoblin.

Vanquished Creatures
  Ijyb (D:3)
  3 adders
  4 worms
  2 dart slugs (D:2)
  A leopard gecko (D:3)
  2 orcs (D:3)
  6 bats
  4 giant cockroaches
  9 goblins (D:3)
  4 hobgoblins
  3 jackals (D:3)
  5 kobolds
  4 quokkas (D:2)
  2 ball pythons (D:2)
  3 frilled lizards
  8 rats
61 creatures vanquished.

Notes
Turn   | Place    | Note
-------+----------+-------------------------------------------
     0 | D:1      | LevaFresel the Kobold Hunter began the quest for the Orb.
     0 | D:1      | Reached XP level 1. HP: 12/12 MP: 1/1
    40 | D:1      | Reached skill level 5 in Crossbows
    94 | D:1      | Reached XP level 2. HP: 17/18 MP: 2/2
   792 | D:2      | Reached XP level 3. HP: 22/22 MP: 3/3
  1274 | D:2      | Found a faded altar of an unknown god.
  1474 | D:2      | Reached XP level 4. HP: 27/27 MP: 4/4
  1979 | D:3      | Reached skill level 6 in Crossbows
  2140 | D:3      | Noticed Ijyb
  2160 | D:3      | Killed Ijyb
  2160 | D:3      | Reached XP level 5. HP: 27/32 MP: 5/5
  2299 | D:3      | Reached skill level 1 in Short Blades
  2365 | D:3      | Hit by a tomahawk thrown by an orc

Skill      XL: |  1  2  3  4  5 |
---------------+----------------+-----
Crossbows      | 5 6 |  6.2
Dodging        | 3 |  3.6
Fighting       | 3 |  3.2
Short Blades   | 1 |  1.0
Armour         | |  0.4
Stealth        | |  1.3

Action                   |  1- 3 |  4- 6 || total
-------------------------+-------+-------++-------
Melee: Short sword       |   131 |    37 ||   168
       Dagger            |       |    39 ||    39
 Fire: Hand crossbow     |    12 |    17 ||    29
  Use: Scroll            |       |     3 ||     3
 Stab: Sleeping          |     4 |     1 ||     5
  Eat: Chunk             |     7 |     6 ||    13
Armor: Leather armour    |    32 |    19 ||    51
Dodge: Dodged            |   114 |    77 ||   191
